 Dungeon Crawl Stone Soup version 0.30.1 (webtiles) character file.

Game seed: 10906956342469164963

24 Babbit the Conjurer (level 2, -2/20 HPs)
             Began as a Draconian Conjurer on July 9, 2023.
             Slain by a worm (7 damage)
             ... on level 2 of the Dungeon.
             The game lasted 00:11:17 (1103 turns).

Babbit the Conjurer (Draconian Conjurer)            Turns: 1103, Time: 00:11:18

Health: -2/20      AC:  5    Str:  9    XL:     2   Next: 79%
Magic:  1/5        EV: 12    Int: 18    God:
Gold:   59         SH:  0    Dex:  9    Spells: 4/5 levels left

rFire   . . .        c - +0 dagger
rCold   . . .        (no shield)
rNeg    . . .        (body armour unavailable)
rPois   +            (helmet restricted)
rElec   .            k - +0 cloak
rCorr   .            (no gloves)
SInv    +            (no boots)
Will    .....        (no amulet)
Stlth   ++           b - ring of poison resistance
HPRegen 0.23/turn    d - ring of see invisible
MPRegen 0.09/turn

%: no passive effects
@: no status effects
A: AC +4, unfitting armour, cold-blooded
a: no special abilities


You were on level 2 of the Dungeon.
You visited 1 branch of the dungeon, and saw 2 of its levels.

You collected 59 gold pieces.

Inventory:

Hand Weapons
 c - a +0 dagger (weapon)
 m - a +0 whip of draining
Armour
 k - a +0 cloak (worn)
Jewellery
 b - a ring of poison resistance (left hand)
 d - a ring of see invisible (right hand)
Scrolls
 f - a scroll of amnesia {unknown}
 g - a scroll of fear {unknown}
 i - a scroll of enchant weapon {unknown}
 j - a scroll of identify {unknown}
 l - a scroll of immolation {unknown}
Potions
 a - a potion of magic
 e - a potion of heal wounds {unknown}
 h - a potion of lignification {unknown}
 n - a potion of curing {unknown}


   Skills:
 + Level 0.4 Short Blades
 + Level 2.1 Dodging
 + Level 1.8 Stealth
 + Level 2.1 Spellcasting
 + Level 4.5 Conjurations


You had 4 spell levels left.
You knew the following spells:

 Your Spells              Type           Power      Damage    Failure   Level
a - Magic Dart            Conj           72%        1d6       2%          1

Your spell library contained the following spells:

 Spells                   Type           Power      Damage    Failure   Level
 Searing Ray              Conj           36%        2d5       4%          2
 Dazzling Flash           Conj/Hex       20%        N/A       22%         3
 Fulminant Prism          Conj/Hex       5%         3d6       56%         4
 Iskenderun's Mystic Bla  Conj/Tloc      10%        2d4       56%         4


Dungeon Overview and Level Annotations

Branches:
Dungeon (2/15)

Altars:


Innate Abilities, Weirdness & Mutations

Your plain brown scales are hard. (AC +4)
You cannot fit into any form of body armour.
You are cold-blooded and may be slowed by cold attacks.


Message History

The worm bites you but does no damage.
Casting: Magic Dart (safe; 2% risk of failure)
Confirm with . or Enter, or press ? or * to list all spells.
Aiming: Magic Dart (safe; 2% risk of failure)
Press: ? - help, Shift-Dir - straight line, f/p - worm
Aim: a worm (moderately wounded, 100% to hit)
The magic dart hits the worm.
The worm is heavily wounded.
You hit the worm but do no damage.
The worm is heavily wounded.
The worm closely misses you.
Your magical contamination has completely faded away.
You hit the worm.
The worm is severely wounded.
The worm closely misses you.
You hit the worm but do no damage. You tail-slap the worm.
The worm is severely wounded.
You hit the worm but do no damage.
The worm is severely wounded.
The worm bites you but does no damage.
You hit the worm.
The worm is severely wounded.
You hit the worm.
Your tail-slap misses the worm.
The worm is severely wounded.
The worm bites you but does no damage.
You hit the worm.
The worm is almost dead.
You hit the worm.
The worm is almost dead.
The worm bites you!
You hit the worm.
The worm is almost dead.
The worm bites you.
* * * LOW HITPOINT WARNING * * *
You hit the worm.
The worm is almost dead.
You hit the worm.
The worm is almost dead.
The worm bites you!
You die...

#########...
#...@w......
#.####......
#############.#
#.###
..........>.#.#
..
##########.##.#
. ########.##.#
#........##.#
#.....#..##.#
#######.#..##.#
#


You could see a worm.

Vanquished Creatures
  A dart slug (D:1)
  4 ball pythons
  5 bats
  2 endoplasms (D:1)
  2 giant cockroaches (D:1)
  2 goblins (D:1)
  A hobgoblin (D:1)
  A kobold (D:2)
  A rat (D:1)
19 creatures vanquished.

Notes
Turn   | Place    | Note
-------+----------+-------------------------------------------
     0 | D:1      | Babbit the Draconian Conjurer began the quest for the Orb.
     0 | D:1      | Reached XP level 1. HP: 14/14 MP: 3/3
   187 | D:1      | Reached XP level 2. HP: 20/20 MP: 3/5
   718 | D:2      | Found a faded altar of an unknown god.
  1103 | D:2      | Slain by a worm

Illustrated notes

Levels and vault maps discovered:
D:1:      dpeg_arrival_court, layout_loops_ring, serial_park_tiny_1
D:2:      layout_basic, ebering_ecumenical_altar_petrified, uniq_sigmund

Skill      XL: |  1 |
---------------+----+-----
Dodging        | 2 |  2.1
Short Blades   | |  0.4
Stealth        | |  1.8
Spellcasting   | |  2.1
Conjurations   | |  4.5

Action                     || total
---------------------------++-------
  Melee: Unarmed           ||     8
         Tailslap          ||     9
         Dagger            ||    32
   Cast: Magic Dart        ||    29
 Armour: Skin              ||    13
  Dodge: Dodged            ||    13
